[Event "Early-Titled-Tuesday-Blitz-February-20-2024"]
[Site "Chess.com"]
[Date "2024.02.20"]
[Round "2"]
[White "CristianS27"]
[Black "lrestevez"]
[Result "1-0"]
[WhiteElo "2566"]
[BlackElo "2189"]
[TimeControl "180+1"]
[EndTime "8:14:03 PST"]
[Termination "CristianS27 won by resignation"]

1. e4 e5 2. Nf3 Nc6 3. Bc4 Nf6 4. d4 exd4 5. Ng5 Ne5 6. Bb3 h6 7. f4 hxg5 8. fxe5 Nxe4 9. Bd5 Ng3 10. Qf3 Bb4+ 11. c3 Qe7 12. Qxg3 dxc3 13. Nxc3 d6 14. Bxg5 Qxe5+ 15. Qxe5+ dxe5 16. O-O f6 17. Be3 Bd7 18. Bxb7 Rb8 19. Be4 Bd6 20. Bg6+ Kf8 21. Bxa7 Rxb2 22. Rab1 Rxb1 23. Rxb1 Ke7 24. Ne4 f5 25. Nxd6 Kxd6 26. Rd1+ Kc6 27. Bf7 Kb7 1-0

[Event "Early-Titled-Tuesday-Blitz-February-20-2024"]
[Site "Chess.com"]
[Date "2024.02.20"]
[Round "2"]
[White "Hikaru"]
[Black "ZachHKL"]
[Result "1-0"]
[WhiteElo "3266"]
[BlackElo "2113"]
[TimeControl "180+1"]
[EndTime "8:14:11 PST"]
[Termination "Hikaru won by resignation"]

1. h4 d5 2. d4 Nf6 3. f3 h5 4. c4 c6 5. Nc3 e6 6. Bf4 Bd6 7. Qd2 Bxf4 8. Qxf4 Na6 9. e3 Qb6 10. O-O-O dxc4 11. Qg5 Rg8 12. Bxc4 Qb4 13. Bxa6 bxa6 14. Nge2 Rb8 15. Rd2 Bd7 16. e4 a5 17. Rhd1 Rd8 18. Nf4 Qe7 19. Qxa5 Rb8 20. Qxa7 Qb4 21. Nd3 Qb6 22.
Qxb6 Rxb6 23. e5 Nd5 24. Nxd5 cxd5 25. Nc5 Ke7 26. b3 Ra8 27. a4 Bc6 28. Ra2 Rab8 29.
Kb2 Rb4 30. Kc3 f6 31. Re1 fxe5 32. Rxe5 Bd7 33. a5 R4b5 34. a6 Ra8 35. Rae2 Rb6 36.
Rxh5 Kd6 37. Rg5 Rc8 38. Kb2 Rg8 39. h5 Rbb8 40. h6 gxh6 41. Rxg8 Rxg8 42. b4 Re8 43. Nxd7 Kxd7 44. b5 Kc7 45. Kb3 Kb6 46. Kb4 Re7 47.
Rc2 Re8 48. Rc6+ Ka7 49. Ka5 Re7 50. b6+ Kb8 51. a7+ Kb7 52. Rc7+ Rxc7 53. bxc7 1-0

[Event "Early-Titled-Tuesday-Blitz-February-20-2024"]
[Site "Chess.com"]
[Date "2024.02.20"]
[Round "2"]
[White "semchik73"]
[Black "sergoy"]
[Result "0-1"]
[WhiteElo "2408"]
[BlackElo "2981"]
[TimeControl "180+1"]
[EndTime "8:14:15 PST"]
[Termination "sergoy won by resignation"]

1. Nf3 d5 2. c4 d4 3. e3 Nc6 4. b4 dxe3 5. fxe3 Nxb4 6. d4 e6 7. a3 Nc6 8. Bd3 Nf6 9. O-O Be7 10. Bb2 e5 11. Nxe5 Nxe5 12. dxe5 Ng4 13. Qf3 Qxd3 14.
Qxf7+ Kd8 15. Nc3 Qxe3+ 16. Kh1 Rf8 17. Rad1+ Bd7 18. Qxe7+ Kxe7 19. Nd5+ Ke8 20. Nxe3 Rxf1+ 21. Nxf1 Nf2+ 22. Kg1 Nxd1 0-1

[Event "Early-Titled-Tuesday-Blitz-February-20-2024"]
[Site "Chess.com"]
[Date "2024.02.20"]
[Round "2"]
[White "Cheer_Down"]
[Black "DAVIDHDZSTS"]
[Result "0-1"]
[WhiteElo "2399"]
[BlackElo "1949"]
[TimeControl "180+1"]
[EndTime "8:14:16 PST"]
[Termination "DAVIDHDZSTS won by resignation"]

1. e4 c5 2. Nf3 e6 3. d4 cxd4 4. Nxd4 a6 5. c4 Nf6 6. Nc3 Qc7 7. a3 Nc6 8. Be3 Bd6 9. Ndb5 axb5 10. Nxb5 Qa5+ 11.
Bd2 Bb4 12. axb4 Qxa1 13. Nc7+ Ke7 14. Nxa8 Qxa8 15. b5 Nxe4 16. bxc6 dxc6 17. Bb4+ c5 18. Bd3 Rd8 19. Ba3 Qa5+ 20. Ke2 Qxa3 21. bxa3 Nc3+ 22. Ke3 Nxd1+ 23. Rxd1 e5 24. Rb1 Rxd3+ 0-1

[Event "Early-Titled-Tuesday-Blitz-February-20-2024"]
[Site "Chess.com"]
[Date "2024.02.20"]
[Round "2"]
[White "Joachim100x"]
[Black "Zorbos"]
[Result "1/2-1/2"]
[WhiteElo "2206"]
[BlackElo "2471"]
[TimeControl "180+1"]
[EndTime "8:14:19 PST"]
[Termination "Game drawn by repetition"]

1. e4 e5 2. Nf3 Nc6 3. Nc3 Nf6 4. d4 Bb4 5. Nxe5 Nxe4 6. Qd3 d5 7. Nxc6 bxc6 8. Bd2 Nxd2 9. Qxd2 O-O 10. Be2 c5 11. O-O Re8 12. Bf3 c6 13. Rfe1 cxd4 14. Qxd4 Be7 15. Qd3 Be6 16. Ne2 Bf6 17. Nd4 Qb6 18. Nxe6 fxe6 19. Rab1 a5 20. c4 a4 21. cxd5 exd5 22.
b3 axb3 23. axb3 Qb4 24. Rxe8+ Rxe8 25. g3 Qd4 26. Qxd4 Bxd4 27. Rc1 Re6 28. Rxc6 Rxc6 29. Bxd5+ Kf8 30. Bxc6 Ke7 31. Bd5 Kd6 32. Bc4 Ke5 33. Kg2 Bc5 34. f4+ Ke4 35. Bg8 h6 36. h3 Ke3 37. f5 Bd6 38. g4 Be5 39. Be6 Bd6 40. h4 Kf4 41. Kh3 Be5 42. Bc4 Bd6 43. Be6 Be7 44.
Bc4 Bd6 45. Be6 1/2-1/2

[Event "Early-Titled-Tuesday-Blitz-February-20-2024"]
[Site "Chess.com"]
[Date "2024.02.20"]
[Round "2"]
[White "Ariadna_Atreides"]
[Black "Predo63"]
[Result "1/2-1/2"]
[WhiteElo "2162"]
[BlackElo "2548"]
[TimeControl "180+1"]
[EndTime "8:14:24 PST"]
[Termination "Game drawn by repetition"]

1. d4 d5 2. Nf3 c6 3. c4 Nf6 4. Nbd2 Bf5 5. Nh4 Bg6 6. Qb3 Qd7 7. Nxg6 hxg6 8. e3 e6 9. Bd3 Qc7 10. h3 Nbd7 11. a3 Qb6 12. Qc2 a6 13. Nf3 Be7 14. Bd2 a5 15. cxd5 exd5 16. Bc3 a4 17. Ne5 Bd6 18.
Bxg6 Bxe5 19. dxe5 fxg6 20. Qxg6+ Kd8 21. exf6 gxf6 22.
Bxf6+ Nxf6 23. Qxf6+ Kd7 24. Qg7+ Kd6 25. Qf6+ Kd7 26.
Qg7+ Kd6 27. Qf6+ Kd7 1/2-1/2

[Event "Early-Titled-Tuesday-Blitz-February-20-2024"]
[Site "Chess.com"]
[Date "2024.02.20"]
[Round "2"]
[White "Chessmissile07"]
[Black "ural58"]
[Result "1-0"]
[WhiteElo "2895"]
[BlackElo "2516"]
[TimeControl "180+1"]
[EndTime "8:14:25 PST"]
[Termination "Chessmissile07 won by resignation"]

1. a3 g6 2. g3 Bg7 3. Bg2 c5 4. c4 Nc6 5. Nc3 e6 6. e4 Nge7 7. Nge2 O-O 8. O-O f5 9. d3 b6 10. Be3 Bb7 11. d4 cxd4 12. Nxd4 Nxd4 13. Bxd4 Rc8 14.
Bxg7 Kxg7 15. Qd4+ Kg8 16. Rad1 Bc6 17. b4 Rc7 18. e5 Bxg2 19. Kxg2 Qa8+ 20. Kg1 Rfc8 21.
Nb5 Rxc4 22. Qxd7 Qc6 23. Qxe7 Qxb5 24. Rd7 1-0

[Event "Early-Titled-Tuesday-Blitz-February-20-2024"]
[Site "Chess.com"]
[Date "2024.02.20"]
[Round "2"]
[White "Khromkin"]
[Black "ImportedItalianMaple"]
[Result "1-0"]
[WhiteElo "2334"]
[BlackElo "2522"]
[TimeControl "180+1"]
[EndTime "8:14:25 PST"]
[Termination "Khromkin won by resignation"]

1. d4 g6 2. c4 Bg7 3. Nf3 d6 4. Nc3 Nc6 5. g3 e5 6. dxe5 Nxe5 7. Nxe5 dxe5 8. Qxd8+ Kxd8 9. Bg5+ f6 10. Rd1+ Bd7 11.
Bh3 Ke8 12. Rxd7 Ne7 13. Nd5 Nxd5 14. cxd5 Bf8 15. Bxf6 Bb4+ 16. Kf1 Rf8 17. Bxe5 Bc5 18. f3 Rd8 19. Rxd8+ Kxd8 20. Kg2 Re8 21. f4 Bd6 22.
Bxd6 cxd6 23. Be6 Re7 24. Rc1 1-0

[Event "Early-Titled-Tuesday-Blitz-February-20-2024"]
[Site "Chess.com"]
[Date "2024.02.20"]
[Round "2"]
[White "GelmanAlexander"]
[Black "viktorgen2021"]
[Result "0-1"]
[WhiteElo "2754"]
[BlackElo "2555"]
[TimeControl "180+1"]
[EndTime "8:14:32 PST"]
[Termination "viktorgen2021 won by resignation"]

1. d4 Nf6 2. Nc3 g6 3. e4 d6 4.
f4 Bg7 5. Nf3 O-O 6. e5 dxe5 7.
fxe5 Nd5 8. h4 h5 9. Ne4 Bf5 10. Ng3 Bg4 11. Be2 c5 12. c4 Nc7 13. d5 Bxf3 14.
gxf3 Bxe5 15. f4 Bd4 16. Bxh5 e6 17. Qg4 exd5 18. f5 Re8+ 19. Kd1 dxc4 20. fxg6 Bc3+ 0-1

[Event "Early-Titled-Tuesday-Blitz-February-20-2024"]
[Site "Chess.com"]
[Date "2024.02.20"]
[Round "2"]
[White "Maxfan2008"]
[Black "AlexPapasimakopoulos"]
[Result "1-0"]
[WhiteElo "2566"]
[BlackElo "2765"]
[TimeControl "180+1"]
[EndTime "8:14:36 PST"]
[Termination "Maxfan2008 won by resignation"]

1. d4 d5 2. c4 e6 3. Nc3 a6 4.
cxd5 exd5 5. Bf4 c6 6. e3 Bd6 7.
Bxd6 Qxd6 8. Bd3 Ne7 9. Nf3 Bf5 10. Ne5 Nd7 11. f4 f6 12. Bxf5 Nxf5 13. Qh5+ g6 14. Nxg6 hxg6 15. Qxh8+ Nf8 16. O-O O-O-O 17. Rae1 Qe7 18. e4 dxe4 19. Rxe4 Qf7 20. Rfe1 Nh7 21. Re8 Rxe8 22. Qxe8+ Qxe8 23. Rxe8+ Kd7 24. Rh8 1-0

[Event "Early-Titled-Tuesday-Blitz-February-20-2024"]
[Site "Chess.com"]
[Date "2024.02.20"]
[Round "2"]
[White "MikeSailer"]
[Black "gm_rashid"]
[Result "0-1"]
[WhiteElo "2150"]
[BlackElo "2466"]
[TimeControl "180+1"]
[EndTime "8:14:36 PST"]
[Termination "gm_rashid won by resignation"]

1. d4 Nf6 2. Nf3 g6 3. Bf4 Bg7 4. e3 d6 5. Be2 O-O 6. h3 Nc6 7. O-O Nd7 8. c4 e5 9. Bh2 f5 10. Nc3 e4 11. Nd2 Ne7 12. b4 Nf6 13.
a4 g5 14. c5 Ng6 15. cxd6 cxd6 0-1

[Event "Early-Titled-Tuesday-Blitz-February-20-2024"]
[Site "Chess.com"]
[Date "2024.02.20"]
[Round "2"]
[White "DvaHrasta"]
[Black "pirulillo"]
[Result "1-0"]
[WhiteElo "2517"]
[BlackElo "2267"]
[TimeControl "180+1"]
[EndTime "8:14:37 PST"]
[Termination "DvaHrasta won on time"]

1. c4 Nf6 2. g3 g6 3. Bg2 Bg7 4.
Nc3 O-O 5. Nf3 d6 6. O-O e5 7. d3 Nc6 8. Rb1 a5 9. a3 Be6 10. b4 axb4 11. axb4 Qd7 12. b5 Nd8 13. e4 h6 14. Nd5 b6 15. Nxf6+ Bxf6 16. Bxh6 Bg7 17. Bg5 Nb7 18. Qd2 Nc5 19. Be3 1-0

[Event "Early-Titled-Tuesday-Blitz-February-20-2024"]
[Site "Chess.com"]
[Date "2024.02.20"]
[Round "2"]
[White "ajedrezsinlimites"]
[Black "Njal28"]
[Result "0-1"]
[WhiteElo "2635"]
[BlackElo "2976"]
[TimeControl "180+1"]
[EndTime "8:14:40 PST"]
[Termination "Njal28 won by resignation"]

1. e4 e5 2. Nf3 Nc6 3. Bb5 a6 4. Ba4 Nf6 5. O-O Be7 6. Re1 b5 7. Bb3 d6 8. a4 b4 9. d4 O-O 10. h3 h6 11. Be3 exd4 12. Nxd4 Nxd4 13. Qxd4 c5 14. Qd3 Bb7 15. Nd2 Nd7 16. Nc4 Ne5 17.
Nxe5 dxe5 18. Bd5 Bxd5 19. exd5 Bd6 20. c4 f5 21. b3 Qh4 22. Bc1 e4 23. Qc2 Rae8 24.
Bb2 Qf4 25. g3 Qg5 26. Bc1 Qf6 27. Bb2 Qg6 28. Kg2 f4 29. g4 h5 30. Rg1 hxg4 31.
hxg4 Qxg4+ 32. Kf1 Qh3+ 33. Ke1 Rf7 34. Qd1 e3 35. Qg4 exf2+ 36. Kxf2 Qe3+ 37. Kf1 Qd3+ 38. Kg2 Re2+ 39. Kh1 Qh7+ 0-1

[Event "Early-Titled-Tuesday-Blitz-February-20-2024"]
[Site "Chess.com"]
[Date "2024.02.20"]
[Round "2"]
[White "EdmundPlayer"]
[Black "Actuary44"]
[Result "0-1"]
[WhiteElo "2295"]
[BlackElo "2529"]
[TimeControl "180+1"]
[EndTime "8:14:40 PST"]
[Termination "Actuary44 won on time"]

1. Nf3 d6 2. c4 e5 3. Nc3 f5 4. g3 g6 5. Bg2 Bg7 6. O-O Ne7 7. d4 e4 8. Ne1 Nbc6 9. Nc2 O-O 10. Bf4 h6 11. h4 Kh7 12. Qd2 Rf7 13. Rad1 d5 14.
b3 Be6 15. Ne3 Qd7 16. cxd5 Nxd5 17. Nexd5 Bxd5 18. Nxd5 Qxd5 0-1

[Event "Early-Titled-Tuesday-Blitz-February-20-2024"]
[Site "Chess.com"]
[Date "2024.02.20"]
[Round "2"]
[White "Shuvalov"]
[Black "erugee"]
[Result "1-0"]
[WhiteElo "2541"]
[BlackElo "2322"]
[TimeControl "180+1"]
[EndTime "8:14:50 PST"]
[Termination "Shuvalov won by resignation"]

1. d4 d6 2. Nf3 Nf6 3. c4 g6 4. Nc3 Bg7 5. e4 c6 6. Be2 a6 7. O-O b5 8. a3 O-O 9. Be3 Nbd7 10. Qd2 bxc4 11. Bxc4 d5 12. Bd3 Nb6 13. e5 Ne8 14. h3 Nc7 15. Rac1 Bf5 16. Bxf5 gxf5 17. Ne2 Nc4 18.
Qc2 Ne6 19. b3 Nxa3 20. Qxf5 Nb5 21. Rxc6 Qd7 22. Rfc1 Rac8 23. Ng5 Rfd8 24. Qxf7+ Kh8 25. Nxe6 1-0

[Event "Early-Titled-Tuesday-Blitz-February-20-2024"]
[Site "Chess.com"]
[Date "2024.02.20"]
[Round "2"]
[White "tetrix83"]
[Black "IngOscarArdila"]
[Result "1-0"]
[WhiteElo "2507"]
[BlackElo "2237"]
[TimeControl "180+1"]
[EndTime "8:14:50 PST"]
[Termination "tetrix83 won by checkmate"]

1. e4 e5 2. Nf3 Nf6 3. d4 Nxe4 4.
Bd3 d5 5. Nxe5 Nd7 6. Nc3 Nxc3 7. bxc3 Nxe5 8. dxe5 Be6 9. O-O Bc5 10. Kh1 Qh4 11. f4 Bg4 12. Be2 Bf5 13. Qxd5 Bb6 14. Bb5+ Kf8 15. Ba3+ Kg8 16. Qxb7 Rd8 17. Rad1 h6 18. g3 Rxd1 19. gxh4 Rxf1+ 20. Bxf1 Kh7 21. Bd3 Bxd3 22. cxd3 Rd8 23. Qe4+ g6 24. h5 Kg7 25. hxg6 fxg6 26.
e6 Re8 27. Qe5+ Kh7 28. Qf6 Rg8 29. Bf8 h5 30. e7 Bc5 31. Qf7+ Kh8 32. d4 Bxe7 33.
Bxe7 Rg7 34. Bf6 Kh7 35. Qxg7# 1-0

[Event "Early-Titled-Tuesday-Blitz-February-20-2024"]
[Site "Chess.com"]
[Date "2024.02.20"]
[Round "2"]
[White "Mops_2004"]
[Black "Heinza9"]
[Result "1-0"]
[WhiteElo "2717"]
[BlackElo "2303"]
[TimeControl "180+1"]
[EndTime "8:14:51 PST"]
[Termination "Mops_2004 won by resignation"]

1. g3 e5 2. Bg2 f5 3. c4 Nf6 4.
d3 c5 5. Nc3 Nc6 6. e3 d6 7.
Nge2 Be7 8. O-O O-O 9. b3 g5 10. f4 gxf4 11. exf4 Ng4 12. Nd5 Be6 13. Qd2 Nd4 14.
Nxd4 cxd4 15. h3 Nf6 16. Nxe7+ Qxe7 17. Ba3 e4 18. dxe4 Nxe4 19. Qxd4 Nxg3 20. Rfe1 Ne4 21. Kh2 Rad8 22. Bxe4 fxe4 23. Rg1+ 1-0

[Event "Early-Titled-Tuesday-Blitz-February-20-2024"]
[Site "Chess.com"]
[Date "2024.02.20"]
[Round "2"]
[White "le-castor-faineant"]
[Black "Barmen_EV"]
[Result "0-1"]
[WhiteElo "2269"]
[BlackElo "2519"]
[TimeControl "180+1"]
[EndTime "8:14:52 PST"]
[Termination "Barmen_EV won by resignation"]

1. e4 c5 2. Nf3 Nc6 3. g3 g6 4. Bg2 Bg7 5. O-O d6 6. c3 e5 7.
h3 Nge7 8. d3 O-O 9. Be3 f5 10. Na3 f4 11. Bd2 Be6 12. Nc4 b5 13. Na3 a6 14. Kh2 Qd7 15. Ng5 h6 16. Nxe6 Qxe6 17.
g4 g5 18. f3 Ng6 19. Be1 Rad8 20. c4 b4 21. Nc2 a5 22. a4 h5 23. b3 hxg4 24. fxg4 Nd4 25. Nxd4 exd4 26. Rf3 Ne5 27. Ra2 Bf6 28. Kg1 Kg7 29. Kf2 Nxg4+ 30. hxg4 Qxg4 31. Rh3 Qxd1 0-1

[Event "Early-Titled-Tuesday-Blitz-February-20-2024"]
[Site "Chess.com"]
[Date "2024.02.20"]
[Round "2"]
[White "Genghis_K"]
[Black "Yeritsyaan"]
[Result "1-0"]
[WhiteElo "2922"]
[BlackElo "2611"]
[TimeControl "180+1"]
[EndTime "8:14:55 PST"]
[Termination "Genghis_K won by resignation"]

1. e4 e5 2. Nf3 Nc6 3. d4 exd4 4. Nxd4 Nf6 5. Nxc6 bxc6 6. Bd3 d5 7. exd5 cxd5 8.
O-O Be7 9. c4 O-O 10. Nc3 d4 11. Ne4 Rb8 12. Nxf6+ Bxf6 13. b4 c5 14. b5 Be6 15.
Bf4 Rc8 16. a4 Qd7 17. Re1 Rfe8 18. h3 h6 19. Qc2 Bg5 20. Bg3 h5 21. a5 h4 22. Bh2 Re7 23. b6 axb6 24. axb6 Qb7 25. Ra7 Qxb6 26. Rxe7 Bxe7 27. Qe2 Bf6 28. Qh5 Kf8 29. Qh8+ Ke7 30. Qxc8 Qb4 31. Qc7+ Ke8 32. Rb1 Bd8 33. Qc6+ 1-0

[Event "Early-Titled-Tuesday-Blitz-February-20-2024"]
[Site "Chess.com"]
[Date "2024.02.20"]
[Round "2"]
[White "Leonid_Starozhilov"]
[Black "HanSchut"]
[Result "1-0"]
[WhiteElo "2699"]
[BlackElo "2276"]
[TimeControl "180+1"]
[EndTime "8:14:56 PST"]
[Termination "Leonid_Starozhilov won by resignation"]

1. e4 c5 2. Nf3 d6 3. Bb5+ Bd7 4. c4 g6 5. Nc3 Bg7 6. O-O Nf6 7. d4 cxd4 8. Nxd4 O-O 9. h3 a6 10. Bxd7 Qxd7 11. Be3 Nc6 12. Rc1 Rfc8 13. b3 Nxd4 14. Bxd4 b5 15. Bxf6 Bxf6 16. Nd5 Qc6 17. Qf3 Kg7 18.
Rfd1 bxc4 19. Rxc4 Qb7 20. Nxf6 exf6 21. Rxd6 Rxc4 22.
Qxf6+ Kg8 23. bxc4 Qb1+ 24. Kh2 Qxa2 25. c5 a5 26. c6 Qc4 27. Rd8+ Rxd8 28. Qxd8+ Kg7 29. c7 Qxe4 30. c8=Q Qf4+ 31. Kg1 1-0

[Event "Early-Titled-Tuesday-Blitz-February-20-2024"]
[Site "Chess.com"]
[Date "2024.02.20"]
[Round "2"]
[White "VitaliyBernadskiy"]
[Black "KnobbedHornbill"]
[Result "1-0"]
[WhiteElo "2872"]
[BlackElo "2586"]
[TimeControl "180+1"]
[EndTime "8:14:57 PST"]
[Termination "VitaliyBernadskiy won by resignation"]

1. c4 Nf6 2. Nc3 e5 3. Nf3 Nc6 4. e3 d5 5. cxd5 Nxd5 6. Bb5 Nxc3 7. bxc3 Bd6 8. d4 e4 9. Nd2 Qe7 10. d5 a6 11. Qa4 Rb8 12. Be2 b5 13. Qxe4 Qxe4 14.
Nxe4 Ne7 15. Nxd6+ cxd6 16. e4 f5 17. f3 fxe4 18.
fxe4 O-O 19. Ba3 Rb6 20. Rf1 Rxf1+ 21. Kxf1 Ng6 22. Kf2 Ne5 23. Bb4 Kf7 24. Ke3 Ke7 25.
a4 Bd7 26. axb5 axb5 27. Kd4 Rb7 28. Ra6 Nf7 29. e5 1-0

[Event "Early-Titled-Tuesday-Blitz-February-20-2024"]
[Site "Chess.com"]
[Date "2024.02.20"]
[Round "2"]
[White "SharapovEvgeny"]
[Black "AniJak"]
[Result "1-0"]
[WhiteElo "2543"]
[BlackElo "2321"]
[TimeControl "180+1"]
[EndTime "8:14:58 PST"]
[Termination "SharapovEvgeny won by resignation"]

1. e4 c6 2. d4 d5 3. e5 Bf5 4.
Be3 e6 5. c4 c5 6. cxd5 cxd4 7.
Qxd4 Qxd5 8. Qxd5 exd5 9. Nc3 Bb4 10. Nf3 Nc6 11. O-O-O Bxc3 12. bxc3 O-O-O 13. c4 Nge7 14. Bg5 dxc4 15. Bxc4 Bg4 16. Bxf7 Bxf3 17. gxf3 Kc7 18.
f4 Rxd1+ 19. Rxd1 Nf5 20. Bd5 h6 21. Be4 Nfd4 22. Bxc6 Nxc6 23. Bh4 Rf8 24. Bg3 Ne7 25. e6 Rd8 26. Rxd8 Kxd8 27. Bh4 Ke8 28. Bxe7 Kxe7 29. f5 g6 30. fxg6 Kxe6 31. f4 Kf6 32. f5 1-0

[Event "Early-Titled-Tuesday-Blitz-February-20-2024"]
[Site "Chess.com"]
[Date "2024.02.20"]
[Round "2"]
[White "Rurep26"]
[Black "Kostukov_Alex"]
[Result "1-0"]
[WhiteElo "2730"]
[BlackElo "2356"]
[TimeControl "180+1"]
[EndTime "8:15:05 PST"]
[Termination "Rurep26 won by resignation"]

1. d4 g6 2. e4 c5 3. d5 Bg7 4. Nc3 d6 5. Bb5+ Nd7 6. a4 Nf6 7. Nf3 O-O 8. O-O Ng4 9. Re1 a6 10. Bf1 h6 11. Bd2 Rb8 12. Qc1 Kh7 13. h3 Nge5 14. Nh2 g5 15. h4 f6 16. h5 Nb6 17. b3 Bd7 18. g3 Na8 19. Be2 Nc7 20. f4 Nf7 21. a5 Nb5 22. Nxb5 axb5 23. Bd3 b4 24. e5+ Kh8 25. e6 1-0

[Event "Early-Titled-Tuesday-Blitz-February-20-2024"]
[Site "Chess.com"]
[Date "2024.02.20"]
[Round "2"]
[White "IMRosen"]
[Black "DenLaz"]
[Result "1-0"]
[WhiteElo "2666"]
[BlackElo "3033"]
[TimeControl "180+1"]
[EndTime "8:15:08 PST"]
[Termination "IMRosen won on time"]

1. d4 Nf6 2. Bf4 d5 3. e3 c5 4. Nf3 Nc6 5. Nbd2 Bg4 6. c3 e6 7. Qa4 Bxf3 8. Nxf3 a6 9. Ne5 Rc8 10. Nxc6 Qd7 11. Be5 Rxc6 12. Bxf6 gxf6 13. g3 f5 14. Bg2 c4 15. Qd1 Bd6 16. a4 Rb6 17. Ra2 Kd8 18. Qh5 Kc8 19. O-O Kb8 20. Re1 Bc7 21. f3 1-0

[Event "Early-Titled-Tuesday-Blitz-February-20-2024"]
[Site "Chess.com"]
[Date "2024.02.20"]
[Round "2"]
[White "EsmeraldasAnderson03"]
[Black "Arystanner"]
[Result "0-1"]
[WhiteElo "2546"]
[BlackElo "2777"]
[TimeControl "180+1"]
[EndTime "8:15:10 PST"]
[Termination "Arystanner won by resignation"]

1. d4 Nf6 2. c4 e6 3. Nc3 d5 4. cxd5 exd5 5. Nf3 c6 6. Bg5 Bd6 7. Qc2 O-O 8. e3 Be6 9. Bd3 h6 10. Bh4 Nbd7 11. O-O Qc7 12. Rab1 Bg4 13. Bg3 Bxg3 14. hxg3 a5 15. Bf5 Bxf5 16. Qxf5 Rfe8 17. Rfc1 Qd6 18.
a3 g6 19. Qf4 Qf8 20. Qc7 Reb8 21. Na4 Qd8 22. Qf4 Kg7 23. Nc5 Nxc5 24. Rxc5 Ne4 25.
Rc2 Qe7 26. Ne5 Re8 27. Nd3 h5 28. Qe5+ Qxe5 29. Nxe5 Rh8 30. a4 h4 31. gxh4 Rxh4 32.
f3 Rah8 33. fxe4 Rh1+ 34. Kf2 Rxb1 35. exd5 cxd5 36. Nc4 dxc4 0-1

[Event "Early-Titled-Tuesday-Blitz-February-20-2024"]
[Site "Chess.com"]
[Date "2024.02.20"]
[Round "2"]
[White "Casablanca"]
[Black "snowlord"]
[Result "0-1"]
[WhiteElo "2605"]
[BlackElo "2904"]
[TimeControl "180+1"]
[EndTime "8:15:12 PST"]
[Termination "snowlord won by checkmate"]

1. d4 Nf6 2. Bg5 e6 3. Nd2 c5 4. e3 cxd4 5. exd4 b6 6. c3 Bb7 7.
Ngf3 Be7 8. Bd3 d6 9. Qe2 Nbd7 10. a4 Nd5 11. Bxe7 Qxe7 12. O-O Nf4 13. Qe3 Nxd3 14.
Qxd3 a6 15. Rfe1 O-O 16. a5 b5 17. Re2 Nf6 18. g3 h6 19. Ne1 Qc7 20. Nc2 Qc6 21. f3 Rfe8 22. Nb4 Qc7 23. Ne4 Nd5 24.
Nxd5 Bxd5 25. Nd2 Rac8 26. Kg2 Qd7 27. Rae1 Qd8 28. Ra1 Qc7 29. h4 Re7 30. Re3 Qd8 31. Ne4 Rb7 32. Nd2 Qc7 33. b3 Qc6 34. Rc1 Rbc7 35.
c4 bxc4 36. bxc4 Qa4 37. cxd5 Rxc1 38. dxe6 fxe6 39. Qg6 Qd1 40. Qxe6+ Kh8 41. Re2 Qh1+ 42. Kf2 Qg1# 0-1

[Event "Early-Titled-Tuesday-Blitz-February-20-2024"]
[Site "Chess.com"]
[Date "2024.02.20"]
[Round "2"]
[White "seasidesunset"]
[Black "Tocras"]
[Result "0-1"]
[WhiteElo "2247"]
[BlackElo "2699"]
[TimeControl "180+1"]
[EndTime "8:15:12 PST"]
[Termination "Tocras won by resignation"]

1. e4 c5 2. c4 Nc6 3. Nc3 g6 4. g3 Bg7 5. Bg2 d6 6. Nge2 Bg4 7. O-O Nf6 8. d3 O-O 9. h3 Bxe2 10.
Nxe2 Rb8 11. f4 Nd7 12. a4 a6 13. g4 b5 14. axb5 axb5 15. cxb5 Rxb5 16. Nc3 Rb8 17.
Nd5 e6 18. Ne3 Nd4 19. f5 Nb3 20. Ra2 Bd4 21. Kh1 Nxc1 22. Qxc1 Ne5 23. Qd2 Qg5 24.
Rd1 Bxe3 0-1

[Event "Early-Titled-Tuesday-Blitz-February-20-2024"]
[Site "Chess.com"]
[Date "2024.02.20"]
[Round "2"]
[White "inagreV"]
[Black "SahibSinghKnight"]
[Result "1-0"]
[WhiteElo "2364"]
[BlackElo "2574"]
[TimeControl "180+1"]
[EndTime "8:15:13 PST"]
[Termination "inagreV won by resignation"]

1. e4 e6 2. d4 d5 3. exd5 exd5 4. Nf3 Bd6 5. c4 Nf6 6. c5 O-O 7. cxd6 Qxd6 8. Be2 Re8 9. Nc3 Nc6 10. O-O a6 11. h3 h6 12. Re1 Bf5 13. Be3 b5 14. Rc1 g5 15. Qd2 Bg6 16. Ne5 Nxe5 17. dxe5 Rxe5 18. Bd4 Ne4 19. Bxe5 Qxe5 20. Qxd5 Qf4 21. Nxe4 1-0

[Event "Early-Titled-Tuesday-Blitz-February-20-2024"]
[Site "Chess.com"]
[Date "2024.02.20"]
[Round "2"]
[White "Schachmalanders"]
[Black "Ishowmoves57"]
[Result "1-0"]
[WhiteElo "2458"]
[BlackElo "2140"]
[TimeControl "180+1"]
[EndTime "8:15:21 PST"]
[Termination "Schachmalanders won by checkmate"]

1. e4 c5 2. Nc3 Nc6 3. g3 g6 4. Bg2 Bg7 5. Nge2 e5 6. d3 Nge7 7. Be3 d6 8. Qd2 Nd4 9. O-O-O h6 10.
Nd5 Nxd5 11. exd5 b5 12. f4 Nf5 13. Bf2 b4 14. Kb1 Qa5 15. fxe5 Bxe5 16. g4 Nd4 17.
Nxd4 cxd4 18. Rde1 Kd8 19. Re4 Bb7 20. Rhe1 Bxd5 21.
b3 Bxe4 22. Rxe4 Rc8 23. Bxd4 Bxd4 24. Rxd4 Qc5 25. Qf2 Re8 26. Qf6+ Re7 27. Rxd6+ Ke8 28. Qh8# 1-0

[Event "Early-Titled-Tuesday-Blitz-February-20-2024"]
[Site "Chess.com"]
[Date "2024.02.20"]
[Round "2"]
[White "ChessLover0108"]
[Black "sotochess"]
[Result "1-0"]
[WhiteElo "2965"]
[BlackElo "2621"]
[TimeControl "180+1"]
[EndTime "8:15:23 PST"]
[Termination "ChessLover0108 won by resignation"]

1. Nf3 Nf6 2. b3 d6 3. d4 g6 4. Bb2 Bg7 5. g3 O-O 6. Bg2 Nc6 7.
d5 Nb4 8. c4 Bf5 9. Nd4 Bd7 10.
O-O c5 11. dxc6 Nxc6 12. Nc3 Rc8 13. e3 a6 14. Rc1 Na5 15. Re1 Qb6 16. Qd2 Qb4 17.
Nc2 Qb6 18. Ba1 Be6 19. Nd4 Bd7 20. e4 Qc5 21. Nd5 Nxd5 22. exd5 Rfe8 23. Bf1 Qa3 24. b4 Nxc4 25. Rxc4 Rxc4 26. Bxc4 Rc8 27. Bb3 1-0

[Event "Early-Titled-Tuesday-Blitz-February-20-2024"]
[Site "Chess.com"]
[Date "2024.02.20"]
[Round "2"]
[White "hansen"]
[Black "marcodobrikov"]
[Result "1-0"]
[WhiteElo "2928"]
[BlackElo "2612"]
[TimeControl "180+1"]
[EndTime "8:15:24 PST"]
[Termination "hansen won by checkmate"]

1. e4 c5 2. Nf3 e6 3. Nc3 Nc6 4. Bb5 Qc7 5. Bxc6 Qxc6 6. O-O b5 7. d4 b4 8. d5 Qb6 9. Na4 Qa5 10. b3 Nf6 11. Re1 Be7 12. Bg5 O-O 13. h3 Qb5 14. c4 Qb8 15. d6 Bxd6 16. e5 Bxe5 17. Nxe5 d6 18. Bxf6 gxf6 19. Qg4+ Kh8 20. Qh4 dxe5 21. Qxf6+ Kg8 22. Re3 e4 23. Rg3+ Qxg3 24. fxg3 Bb7 25. Nxc5 Bc6 26. Nxe6 fxe6 27. Qxe6+ Rf7 28. Qxc6 Raf8 29.
Qxe4 Kh8 30. c5 a5 31. c6 Rg7 32. Qe5 Rg8 33. c7 a4 34. bxa4 b3 35. axb3 h5 36. Rc1 h4 37. c8=Q hxg3 38. Qxg8+ Kxg8 39. Rc8+ Kh7 40. Qh5# 1-0